 Dungeon Crawl Stone Soup version 0.20-a0-1015-g2ec8a95 (webtiles) character file.

366429 Lochraine the Fighter (level 22, -1/165 HPs)
             Began as a Gnoll Wanderer on Apr 12, 2017.
             Was a High Priest of Fedhas.
             Slain by an iron troll (10 damage)
             ... on level 1 of the Depths on Apr 15, 2017.
             The game lasted 07:35:40 (75156 turns).

Lochraine the Fighter (Gnoll Wanderer)             Turns: 75156, Time: 07:35:41

Health: -1/165     AC: 32    Str: 20    XL:     22   Next: 56%
Magic:  3/15       EV: 17    Int: 20    God:    Fedhas [*****.]
Gold:   3464       SH:  8    Dex: 16    Spells: 1/41 levels left

rFire    + + .     SeeInvis +   a - +8 trident "Cockunaito" {antimagic, rC+ MP+9 Str+2}
rCold    . . .     Gourm    +   e - +3 buckler {reflect}
rNeg     + . .     Faith    .   V - +7 scale mail of Immorality {*Drain rF+ Int+2}
rPois    .         Spirit   .   K - +2 helmet
rElec    .         Reflect  +   M - +2 cloak {MR+}
rCorr    .         Harm     .   E - +2 pair of gloves
MR       +++..                  c - +2 pair of boots {run}
Stlth    +++.......             w - amulet "Jiled" {Gourm rN+ MR+ Dex+3}
Regen    0.4/turn               W - +4 ring of slaying
MPRegen  0.2/turn               j - ring of fire

@: studying Hexes, quick
A: short attention span, fangs 1, talons 2, molten scales 1, see invisible,
strong 1, strong nose
}: 2/15 runes: decaying, serpentine
a: Fungal Bloom, Evolution, Sunlight, Growth, Reproduction, Rain, Renounce
Religion


You were on level 1 of the Depths.
You worshipped Fedhas.
Fedhas was extremely pleased with you.
You were very full.

You visited 8 branches of the dungeon, and saw 39 of its levels.
You also visited: Ice Cave.

You collected 4658 gold pieces.
You spent 1194 gold pieces at shops.

Inventory:

Hand Weapons
 a - the +8 trident "Cockunaito" (weapon) {antimagic, rC+ MP+9 Str+2}
   (You found it on level 2 of the Lair of Beasts)

   It reduces the magical energy of the wielder, and disrupts the spells and
   magical abilities of those hit.
   Natural abilities and divine invocations are not affected.
   It affects your strength (+2).
   It protects you from cold.
   It affects your magic capacity (+9).
 b - the +4 hand crossbow "Uriarch" {speed, rF+ MR+ Str-4 Int+3}
   (You bought it in a shop on level 2 of the Orcish Mines)

   Attacks with this weapon are significantly faster.
   It affects your strength (-4).
   It affects your intelligence (+3).
   It protects you from fire.
   It affects your resistance to hostile enchantments.
 q - the +3 falchion of Vusagg {speed, +Inv rF+ Stlth-}
   (You found it on level 1 of the Swamp)

   Attacks with this weapon are significantly faster.
   It protects you from fire.
   It lets you turn invisible.
   It makes you less stealthy.
Missiles
 R - 1307 bolts
Armour
 c - a +2 pair of boots of running (worn)
 e - a +3 buckler of reflection (worn)
 E - a +2 pair of gloves (worn)
 K - a +2 helmet (worn)
 M - a +2 cloak of magic resistance (worn)
 V - the +7 scale mail of Immorality (worn) {*Drain rF+ Int+2}
   (You found it on level 6 of the Lair of Beasts)

   It affects your intelligence (+2).
   It protects you from fire.
   It causes draining when unequipped.
Jewellery
 j - a ring of fire (right hand)
 v - an uncursed ring of poison resistance
 w - the amulet "Jiled" (around neck) {Gourm rN+ MR+ Dex+3}
   (You found it on level 11 of the Dungeon)

   [amulet of the gourmand]

   It allows you to eat raw meat even when not hungry.
   It affects your dexterity (+3).
   It protects you from negative energy.
   It affects your resistance to hostile enchantments.
 H - an uncursed ring of resist corrosion
 U - an uncursed ring of flight
 W - a +4 ring of slaying (left hand)
Wands
 g - a wand of paralysis (10/24)
 s - a wand of scattershot (3/9)
 y - a wand of enslavement (7/24)
 B - a wand of digging (23/24)
 J - a wand of lightning (1/15)
 O - a wand of iceblast (1/15)
Scrolls
 l - 12 scrolls of teleportation
 n - a scroll of blinking
 u - 7 scrolls of identify
 A - 2 scrolls of holy word
 G - a scroll of recharging
 L - 4 scrolls of immolation
 P - 3 scrolls of remove curse
 Y - 7 scrolls of magic mapping
Potions
 d - 8 potions of curing
 k - a potion of ambrosia
 m - 4 potions of magic
 o - 2 potions of mutation
 p - 2 potions of flight
 r - 7 potions of resistance
 t - a potion of heal wounds
 x - 6 potions of brilliance
 z - 4 potions of haste
 Q - 2 potions of cancellation
 T - 4 potions of might
 Z - a potion of berserk rage
Books
 S - a manual of Hexes
Miscellaneous
 h - a phantom mirror
 D - a lightning rod (4/4)
 I - a lamp of fire
 X - a fan of gales (inert)
Comestibles
 f - 17 bread rations
 i - 12 fruits


   Skills:
 - Level 12.0 Fighting
   Level 8.5(9.7) Short Blades
 - Level 9.5(10.1) Long Blades
 + Level 10.3 Polearms
   Level 2.0(8.3) Staves
 - Level 10.5 Crossbows
 - Level 9.3 Throwing
 - Level 11.1 Armour
 - Level 10.1 Dodging
 - Level 10.6 Stealth
 - Level 5.2 Shields
 - Level 10.0 Spellcasting
 - Level 10.0 Conjurations
 + Level 11.5 Hexes
 - Level 7.5 Charms
 - Level 11.0 Summonings
 - Level 8.6 Necromancy
 - Level 7.0 Translocations
 - Level 6.1 Transmutations
 - Level 8.3 Air Magic
 - Level 5.6 Earth Magic
 - Level 10.2 Poison Magic
 - Level 10.5 Invocations
 - Level 10.6 Evocations


You had one spell level left.
You knew the following spells:

 Your Spells              Type           Power        Failure   Level  Hunger
a - Ensorcelled Hibernat  Hex/Ice        ####..       2%          2    None
b - Summon Lightning Spi  Summ/Air       #####...     3%          4    ##.....
c - Confuse               Hex            ######..     1%          3    None
d - Fulminant Prism       Conj/Hex       ######....   1%          4    ##.....
e - Iskenderun's Mystic   Conj           ######..     2%          4    ##.....
f - Spectral Weapon       Hex/Chrm       #####...     1%          3    None
g - Regeneration          Chrm/Necr      #####.....   1%          3    None
h - Summon Mana Viper     Hex/Summ       ######..     6%          5    ####...
i - Passwall              Tmut/Erth      ####......   2%          2    None
j - Control Undead        Necr           #####.....   6%          4    ##.....
k - Blink                 Tloc           N/A          1%          2    None
l - Mephitic Cloud        Conj/Pois/Air  #####...     1%          3    None
m - Apportation           Tloc           #####.       1%          1    None


Dungeon Overview and Level Annotations

Branches:
Dungeon (15/15)            Temple (0/1) D:6            Lair (6/6) D:9
  Swamp (4/4) Lair:3        Snake (4/4) Lair:4        Slime (0/5) Lair:6
    Orc (2/2) D:11            Elf (3/3) Orc:2        Vaults (4/5) D:13
  Crypt (0/3) Vaults:2     Depths (1/5) D:15

Altars:
Ashenzari
Cheibriados
Dithmenos
Fedhas
Kikubaaqudgha
Nemelex Xobeh
Ru
Trog
Vehumet
Xom
Yredelemnul
The Shining One
Beogh
Jiyva

Shops:
D:8 (   Orc:2 !([?*   Snake:1 [*   Snake:4 !%*}   Vaults:3 (

Portals:
Hell: Depths:1
Pandemonium: Depths:1
Trove: D:10 (give +2 storm dragon scales)

Annotations:
D:3 Hybris's ghost, novice OgGl
D:4 Menkaure; Pikel


Innate Abilities, Weirdness & Mutations

You have a short attention span.
You have very sharp teeth.
You have supernaturally acute eyesight. (SInv)
Your uncanny sense of smell can sniff out nearby items.
You have razor-sharp toenails.
You are partially covered in molten scales. (AC +2)
Your muscles are strong. (Str +2)


Message History

Press: ? - help, v - describe, . - travel
Here: an iron troll (moderately wounded, fast, unusually strong)
The floor.
Unknown command.
There is a staircase back to the Dungeon, spattered with blood here.
Evoke which item? (* to show all) (? for menu, Esc to quit)
A fierce wind blows from the fan.
The deep troll is blown away by the wind.
The deep troll shaman closely misses you.
You block the deep troll shaman's attack.
The deep troll shaman claws you.
* * * LOW HITPOINT WARNING * * *
As you read the scroll of fear, it crumbles to dust.
You assume a fearsome visage.
The deep troll shaman looks frightened!
The iron troll easily resists.
The deep troll looks frightened!
The iron troll bites you!!!
* * * LOW HITPOINT WARNING * * *
You block the iron troll's attack. The iron troll claws you!
You die...
Fedhas appreciates your contribution to the ecosystem.

.(...........###...###........#
)(.............#.[.#..........#
.############..#...#>.........#
.# #..#.>.#..........# .#
#..#...#..........# .#
#..#####..........# .#
#.................# )#
#[..[.............# .#
#...@[............#
.############..TT............f#
.≈≈≈≈≈≈≈≈≈≈≈≈.................#
.P≈≈≈≈≈≈≈≈≈≈≈.....)...........###
.≈≈≈≈≈≈≈≈≈≈≈T[.......[........f..
.≈≈≈≈≈≈≈≈≈≈≈≈.................###
.≈≈≈≈≈≈≈≈≈≈≈≈...........#.#######
.≈≈≈≈≈≈≈≈≈≈≈≈....(......#.#.....#
.≈≈≈≈≈≈≈≈≈≈≈≈.....(...!.#.#.#.#f#


You could see an iron troll, a deep troll (fleeing) and a deep troll shaman
(fleeing).

Vanquished Creatures
  Mara (Depths:1)
  Jorgrun (Vaults:3)
  Asterion (Snake:1)
  A deep elf blademaster (Elf:2)
  A lich (Depths:1)
  Frances (D:13)
  A tengu reaver (Vaults:2)
  A nagaraja (Snake:4)
  3 fire giants
  A frost giant (Vaults:4)
  2 deep elf sorcerers
  7 vault wardens
  2 orc warlords
  13 ironheart preservers
  A reaper (Depths:1)
  7 stone giants
  3 entropy weavers
  9 very ugly things
  A deep elf high priest (Elf:1)
  4 great orbs of eyes
  8 yaktaur captains
  10 ogre magi
  6 ice dragons
  3 fire dragons
  2 deep elf death magi
  5 hydras
  4 vault guards
  Harold (D:12)
  2 rakshasas
  Erica (D:10)
  5 naga warriors
  34 two-headed ogres
  2 ghost crabs
  5 anacondas
  7 alligators
  4 centaur warriors
  3 catoblepae
  2 death knights
  4 deep troll earth magi
  4 naga sharpshooters
  A queen ant (Lair:5)
  3 death yaks (Lair:2)
  2 orc high priests
  2 deep troll shamans (Vaults:4)
  2 vampire magi
  27 dancing weapons
  5 shock serpents
  6 tengu warriors
  A hell knight (Vaults:3)
  22 deep elf knights
  Sonja (D:10)
  A shadow wraith (Vaults:1)
  A fire crab (shapeshifter) (Depths:1)
  A skeletal warrior (D:15)
  An unseen horror (Vaults:1)
  3 spriggan druids (Swamp:4)
  22 deep elf archers
  3 naga ritualists
  3 glowing orange brains
  2 tengu zombies (Vaults:2)
  A gelid demonspawn (Depths:1)
  A wizard (Vaults:2)
  10 deep trolls
  13 orc knights
  A lindwurm (shapeshifter) (Vaults:3)
  2 swamp dragons (Swamp:1)
  A lindwurm (Lair:6)
  A sphinx zombie (Vaults:1)
  17 ironbrand convokers
  4 necromancers
  7 wolf spiders
  57 deep elf magi
  3 orc sorcerers
  A stone giant zombie (D:15)
  A manticore (shapeshifter) (Vaults:1)
  3 salamanders (Snake:2)
  19 slime creatures
  55 ugly things
  5 manticores
  5 cyclopes
  Maurice (D:8)
  11 elephants
  A rust devil (Depths:1)
  3 stone giant skeletons (Vaults:2)
  18 black mambas
  3 guardian serpents
  12 vault sentinels
  A torpor snail (shapeshifter) (Elf:2)
  A fire giant skeleton (Vaults:1)
  2 ice statues (IceCv)
  5 centaur zombies
  9 naga magi
  3 orange demons (D:12)
  A torpor snail (Lair:6)
  18 spiny frogs
  2 gargoyles
  A yaktaur zombie (Vaults:2)
  10 komodo dragons
  36 yaktaurs
  5 rime drakes
  13 freezing wraiths
  A spriggan skeleton (D:15)
  2 swamp worm zombies (Swamp:4)
  2 human skeletons
  A hellwing (Depths:1)
  A harpy zombie (D:15)
  5 tengu conjurers
  A guardian mummy (D:15)
  2 red devils (D:12)
  A shadow dragon simulacrum (Depths:1)
  3 tyrant leeches
  A polar bear (Lair:4)
  10 hornets
  2 hydra zombies (Swamp:4)
  Prince Ribbit (D:8)
  A wind drake (shapeshifter) (Vaults:1)
  8 trolls
  An ice dragon zombie (D:15)
  3 bog bodies
  12 dream sheep
  A hippogriff (shapeshifter) (D:13)
  11 blink frogs
  8 hippogriffs
  2 shadows
  An air elemental (Orc:2)
  A tarantella (shapeshifter) (Vaults:3)
  3 wraiths
  Eustachio (D:5)
  A redback (Vaults:3)
  10 spriggans
  A wyvern (D:10)
  2 hogs (D:7)
  12 water elementals
  12 yaks
  4 basilisks
  18 vampire mosquitoes
  2 hungry ghosts
  2 fire elementals
  6 swamp worm simulacra (Swamp:4)
  A warg (shapeshifter) (Vaults:4)
  2 wargs
  15 swamp worms
  15 soldier ants
  23 nagas
  Edmund (D:5)
  13 hydra simulacra (Swamp:4)
  10 water moccasins
  4 acid dragons
  A tengu skeleton (D:15)
  2 hell hounds (D:9)
  10 porcupines
  2 wandering mushrooms
  A hornet zombie (Swamp:4)
  5 swamp drakes
  19 ice beasts
  2 black bears
  53 orc warriors
  2 eyes of draining
  5 sky beasts
  An eye of draining (shapeshifter) (Vaults:3)
  30 ogres
  4 boggarts (Vaults:1)
  An ettin simulacrum (Vaults:2)
  2 necrophages
  3 phantoms
  5 centaurs
  12 crocodiles
  Blork the orc (D:6)
  A big kobold (D:12)
  16 bullfrogs
  A bullfrog (shapeshifter) (Vaults:3)
  A wyvern zombie (D:15)
  A gnoll sergeant (D:10)
  A water moccasin zombie (Swamp:4)
  2 earth elementals (Elf:1)
  3 scorpions
  A water moccasin skeleton (Swamp:4)
  4 killer bees (D:8)
  7 wights
  7 howler monkeys
  6 crimson imps
  2 yaktaur simulacra
  A human simulacrum (Vaults:3)
  A wyvern simulacrum (D:14)
  3 quasits
  2 bullfrog zombies
  7 hounds
  6 jellies
  A bullfrog skeleton (D:12)
  42 orc priests
  29 orc wizards
  2 iguanas
  Jessica (D:2)
  10 centaur skeletons
  24 worker ants
  A hound zombie (D:10)
  A worker ant zombie (D:11)
  A howler monkey skeleton (D:6)
  11 adders
  A gnoll (D:10)
  2 shadow imps
  2 swamp drake simulacra (Swamp:4)
  2 adder zombies (D:6)
  2 adder skeletons
  2 worms
  4 dart slugs
  3 leopard geckos
  126 orcs
  4 bats
  10 giant cockroaches
  3 goblins
  7 hobgoblins
  6 jackals
  2 quokkas
  A ball python (D:4)
  3 frilled lizards
  2 goblin zombies (D:6)
  A hobgoblin zombie (D:6)
  2 jackal zombies
  10 kobolds
  2 kobold skeletons (D:6)
  A kobold zombie (D:6)
  2 orc skeletons (D:6)
  An orc zombie (D:6)
  8 rats
  2 ballistomycetes
  3 ballistomycete spores
  3 toadstools
1459 creatures vanquished.

Vanquished Creatures (collateral kills)
  Vashnia (Snake:4)
  A sphinx (D:15)
  The ghost of trelanon the Brawler, an adept VSCK of Xom (D:14)
  A tengu reaver (Vaults:4)
  8 nagarajas (Snake:4)
  2 vault wardens
  A deep elf sorcerer (Vaults:4)
  5 very ugly things
  2 ironheart preservers
  A stone giant (Vaults:2)
  2 deep elf death magi
  A yaktaur captain (Vaults:3)
  A crystal guardian (Vaults:4)
  A fire dragon (Vaults:2)
  An ice dragon (Swamp:4)
  A rakshasa (Vaults:2)
  A vault guard (D:13)
  The ghost of nht the Cleaver, a journeyman HOFE of Ashenzari (D:10)
  15 naga warriors
  A hydra (D:10)
  A catoblepas (Lair:5)
  5 two-headed ogres
  2 ogre magi
  6 anacondas
  2 dancing weapons
  3 death knights
  A deep troll earth mage (Vaults:4)
  2 tengu warriors (Depths:1)
  A death yak (Lair:2)
  An orc high priest (Orc:1)
  4 naga sharpshooters (Snake:4)
  3 shock serpents (Snake:4)
  4 deep elf knights
  A sixfirhy (Depths:1)
  A flayed ghost (Vaults:4)
  A salamander mystic (Snake:4)
  A spriggan druid (Swamp:1)
  2 deep trolls (Depths:1)
  4 deep elf archers
  3 naga ritualists
  2 wizards
  2 ironbrand convokers
  3 necromancers
  13 deep elf magi
  4 mana vipers
  3 ugly things
  A cyclops (shapeshifter) (Depths:1)
  A manticore (Lair:6)
  8 elephants
  9 black mambas
  A fire giant skeleton (Depths:1)
  A torpor snail (Lair:6)
  5 vault sentinels
  A black mamba (shapeshifter) (Vaults:2)
  4 guardian serpents (Snake:4)
  12 naga magi
  3 spiny frogs
  2 freezing wraiths (Vaults:3)
  A rime drake (Lair:6)
  11 yaktaurs
  2 hornets
  A troll (Vaults:2)
  2 tengu conjurers
  A tyrant leech (Swamp:1)
  3 slime creatures
  3 blink frogs (Lair:5)
  An ice dragon zombie (Depths:1)
  A bog body (Swamp:2)
  A dream sheep (Lair:4)
  A deep troll skeleton (Depths:1)
  A tarantella (shapeshifter) (Vaults:2)
  7 yaks
  2 water elementals
  A fire elemental (Elf:1)
  2 swamp worms (Swamp:2)
  A warg (Vaults:2)
  41 nagas
  A water moccasin (Lair:2)
  9 soldier ants
  3 porcupines
  A black bear (D:9)
  3 orc warriors
  A swamp drake (Swamp:4)
  A boggart (Vaults:1)
  An ice beast (D:10)
  A sky beast (D:6)
  4 ogres
  A human zombie (Vaults:2)
  3 crocodiles
  3 bullfrogs
  An earth elemental (Elf:1)
  A scorpion (D:6)
  An electric eel (Lair:2)
  A howler monkey (D:10)
  4 orc priests
  2 orc wizards
  2 iguanas
  5 worker ants
  2 gnolls (D:10)
  A leopard gecko (D:10)
  15 orcs
  15 ballistomycete spores
  A hyperactive ballistomycete (Swamp:2)
337 creatures vanquished.

Vanquished Creatures (others)
  2 thorn hunters
  A nagaraja (Snake:4)
  A deep elf sorcerer (Vaults:4)
  2 vault wardens
  An ironheart preserver (Vaults:4)
  4 oklob plants
  A yaktaur captain (Vaults:3)
  2 hydras
  A ghost crab (Swamp:4)
  A two-headed ogre (Vaults:3)
  A spark wasp zombie (Depths:1)
  A deep elf knight (Vaults:4)
  A deep elf archer (Vaults:4)
  A glowing orange brain (Vaults:1)
  A spriggan druid (Swamp:2)
  An ironbrand convoker (Vaults:4)
  A swamp dragon (Swamp:4)
  2 deep elf magi
  A salamander (Snake:1)
  2 spiny frogs (Swamp:2)
  A rime drake (Lair:4)
  7 yaktaurs
  A hornet (Swamp:1)
  A tyrant leech (Swamp:3)
  A redback (Vaults:3)
  A spriggan (Swamp:1)
  6 vampire mosquitoes
  3 nagas
  A hydra simulacrum (Swamp:4)
  2 swamp drakes
  2 swamp worms
  An orc warrior (Orc:2)
  46 wandering mushrooms
  An ogre (Vaults:3)
  A bullfrog (D:6)
  An orc wizard (D:14)
  2 orcs (D:14)
  116 ballistomycetes
  41 ballistomycete spores
  62 fulminant prisms
  18 fungi
  3 hyperactive ballistomycetes
  5 plants
  60 spectral weapons
  1029 toadstools
  4 withered plants (D:15)
1444 creatures vanquished.

Grand Total: 3240 creatures vanquished

Notes
Turn   | Place    | Note
-------+----------+-------------------------------------------
     0 | D:1      | Lochraine the Bultungin Wanderer began the quest for the Orb.
     0 | D:1      | Lochraine set off with: a +2 dagger, a potion of heal wounds, a +0 spear, a potion of curing, a +0 robe, a bread ration
     0 | D:1      | Reached XP level 1. HP: 20/20 MP: 2/2
   374 | D:1      | Reached XP level 2. HP: 25/26 MP: 3/3
   498 | D:1      | Reached skill level 5 in Fighting
   975 | D:1      | Reached XP level 3. HP: 33/33 MP: 4/4
  1318 | D:2      | Noticed Jessica
  1327 | D:2      | Killed Jessica
  1327 | D:2      | Reached XP level 4. HP: 39/39 MP: 5/5
  1749 | D:2      | Reached skill level 6 in Fighting
  1923 | D:2      | Found a blossoming altar of Fedhas.
  1931 | D:2      | Became a worshipper of Fedhas Madash
  2481 | D:3      | Reached XP level 5. HP: 40/46 MP: 6/6
  2778 | D:3      | Noticed Hybris's ghost (novice OgGl)
  3273 | D:4      | You fall through a shaft for 3 floors!
  3361 | D:7      | Noticed an orc warrior
  3361 | D:7      | Noticed an orc warrior
  3576 | D:7      | Reached skill level 1 in Invocations
  3576 | D:7      | Reached XP level 6. HP: 37/53 MP: 7/7
  3597 | D:7      | Upgraded the game from 0.20-a0-1000-g0e8f6bb to 0.20-a0-1006-ge6c5631
  3771 | D:7      | Noticed a black bear
  4091 | D:6      | Found a glowing golden altar of the Shining One.
  4143 | D:6      | Found a snail-covered altar of Cheibriados.
  4165 | D:6      | Found a sacrificial altar of Ru.
  4168 | D:6      | Found a shattered altar of Ashenzari.
  4176 | D:5      | Entered Level 5 of the Dungeon
  4189 | D:5      | Noticed an ice beast
  4238 | D:5      | Noticed a sky beast
  4302 | D:4      | Reached skill level 1 in Armour
  4344 | D:4      | Noticed Menkaure
  4368 | D:4      | Noticed an ice beast
  4380 | D:4      | Learned a level 2 spell: Searing Ray
  4536 | D:4      | Noticed a slave
  4629 | D:4      | Reached skill level 1 in Spellcasting
  4631 | D:4      | Reached * piety under Fedhas
  4832 | D:4      | Noticed a slave
  4933 | D:4      | Reached skill level 1 in Conjurations
  4936 | D:4      | Noticed Pikel
  4944 | D:4      | Noticed a slave
  4946 | D:4      | Noticed a slave
  5013 | D:5      | Reached XP level 7. HP: 36/59 MP: 10/10
  5352 | D:5      | Noticed Edmund
  5368 | D:5      | Noticed Eustachio
  5377 | D:5      | Killed Eustachio
  5396 | D:5      | Learned a level 3 spell: Dazzling Spray
  5684 | D:5      | Reached skill level 1 in Hexes
  5762 | D:5      | Reached XP level 8. HP: 49/65 MP: 9/15
  5828 | D:5      | Reached skill level 5 in Spellcasting
  6009 | D:5      | Learned a level 3 spell: Confuse
  6042 | D:5      | Reached skill level 5 in Conjurations
  6082 | D:5      | Killed Edmund
  6443 | D:6      | Reached skill level 5 in Hexes
  6488 | D:6      | Found a shimmering altar of Xom.
  6532 | D:6      | HP: 3/65 [orc warrior/battleaxe (16)]
  6879 | D:6      | Reached skill level 5 in Invocations
  6894 | D:6      | Reached skill level 1 in Short Blades
  6920 | D:6      | Found a shadowy altar of Dithmenos.
  7057 | D:6      | Reached XP level 9. HP: 26/71 MP: 6/18
  7610 | D:6      | Found a staircase to the Ecumenical Temple.
  7613 | D:6      | Noticed Blork the orc
  7632 | D:6      | Killed Blork the orc
  8061 | D:6      | Found a basalt altar of Yredelemnul.
  8161 | D:6      | Reached ** piety under Fedhas
  8781 | D:7      | Reached skill level 5 in Short Blades
  9251 | D:8      | Found Relophi's Weapon Shop.
  9256 | D:8      | Bought a +2 rapier of electrocution for 220 gold pieces
  9264 | D:8      | Found a bloodstained altar of Trog.
  9545 | D:8      | Learned a level 4 spell: Fulminant Prism
  9548 | D:8      | Reached XP level 10. HP: 77/77 MP: 14/19
  9557 | D:8      | Noticed Maurice
  9609 | D:8      | Killed Maurice
  9763 | D:8      | Noticed Prince Ribbit
  9770 | D:8      | Killed Prince Ribbit
 10343 | D:9      | Found a staircase to the Lair.
 10545 | D:9      | Reached *** piety under Fedhas
 10901 | D:10     | Entered Level 10 of the Dungeon
 10925 | D:10     | Noticed Sonja
 10931 | D:10     | Killed Sonja
 10931 | D:10     | Reached skill level 7 in Fighting
 10931 | D:10     | Reached skill level 5 in Armour
 10931 | D:10     | Reached skill level 5 in Dodging
 11213 | D:10     | Reached XP level 11. HP: 84/84 MP: 20/20
 11274 | D:10     | Noticed Erica
 11287 | D:10     | Killed Erica
 11493 | D:10     | Noticed nht's ghost (journeyman HOFE)
 11637 | D:10     | Upgraded the game from 0.20-a0-1006-ge6c5631 to 0.20-a0-1008-g0de3dc5
 11752 | D:10     | Noticed a two-headed ogre
 11754 | D:10     | Noticed a vault guard
 11786 | D:10     | Killed a vault guard
 11788 | D:10     | Killed a two-headed ogre
 11788 | D:10     | Reached skill level 8 in Fighting
 11788 | D:10     | Reached skill level 5 in Evocations
 12167 | D:11     | Noticed a two-headed ogre
 12178 | D:11     | Killed a two-headed ogre
 12178 | D:11     | Reached skill level 1 in Throwing
 12418 | D:11     | Found a staircase to the Orcish Mines.
 12554 | D:11     | Noticed a death knight
 12953 | D:10     | Noticed a two-headed ogre
 12953 | D:10     | Noticed a manticore
 12974 | D:10     | Killed a manticore
 12975 | D:10     | Killed a two-headed ogre
 13097 | D:10     | Killed nht's ghost
 13381 | D:10     | Found a portal to a secret trove of treasure.
 13609 | Lair:1   | Entered Level 1 of the Lair of Beasts
 13611 | Lair:1   | Noticed a seven-headed hydra
 13659 | D:9      | Noticed a two-headed ogre
 13721 | D:10     | Killed a seven-headed hydra
 14097 | Lair:1   | Reached XP level 12. HP: 92/92 MP: 23/23
 14532 | Lair:2   | Noticed a death yak
 14537 | Lair:2   | Noticed a death yak
 14538 | Lair:2   | Noticed a death yak
 14542 | Lair:2   | Killed a death yak
 14544 | Lair:2   | Noticed a death yak
 14548 | Lair:2   | Killed a death yak
 14548 | Lair:2   | Reached skill level 5 in Throwing
 14570 | Lair:2   | Killed a death yak
 14575 | Lair:2   | Killed a death yak
 14674 | Lair:2   | Learned a level 4 spell: Iskenderun's Mystic Blast
 15119 | Lair:2   | Reached **** piety under Fedhas
 15129 | Lair:2   | Got a transparent trident
 15130 | Lair:2   | Identified the +8 trident "Cockunaito" {antimagic, rC+ MP+9 Str+2} (You found it on level 2 of the Lair of Beasts)
 15211 | Lair:2   | Reached skill level 1 in Polearms
 15310 | Lair:2   | Learned a level 3 spell: Spectral Weapon
 15401 | Lair:2   | Found a snail-covered altar of Cheibriados.
 15753 | Lair:3   | Reached skill level 1 in Charms
 15958 | Lair:3   | Found a staircase to the Swamp.
 16084 | Lair:3   | Identified a scroll of acquirement
 16096 | Lair:3   | Identified a +0 pair of boots of running (You acquired it on level 3 of the Lair of Beasts)
 16302 | Lair:3   | Reached skill level 5 in Polearms
 17133 | Lair:4   | Noticed an eight-headed hydra
 17143 | Lair:4   | Killed an eight-headed hydra
 17143 | Lair:4   | Reached skill level 5 in Charms
 17298 | Lair:4   | Learned a level 3 spell: Regeneration
 17333 | Lair:4   | Reached skill level 1 in Necromancy
 17455 | Lair:4   | Found a staircase to the Snake Pit.
 17857 | Lair:4   | Reached XP level 13. HP: 65/98 MP: 11/25
 18170 | Lair:5   | Noticed an entropy weaver
 18172 | Lair:5   | Noticed an entropy weaver
 18198 | Lair:5   | Killed an entropy weaver
 18204 | Lair:5   | Killed an entropy weaver
 18612 | Lair:5   | Reached skill level 5 in Necromancy
 19029 | Lair:5   | Learned a level 5 spell: Summon Mana Viper
 19341 | Lair:5   | Reached skill level 1 in Summonings
 19368 | Lair:5   | Reached skill level 10 in Hexes
 20392 | Lair:6   | Reached ***** piety under Fedhas
 20392 | Lair:6   | Entered Level 6 of the Lair of Beasts
 20502 | Lair:5   | Reached skill level 5 in Summonings
 20838 | Lair:6   | Got a dazzling scale mail
 20840 | Lair:6   | Identified the +7 scale mail of Immorality {*Drain rF+ Int+2} (You found it on level 6 of the Lair of Beasts)
 21668 | Lair:6   | Identified the +1 robe of the Trombone {rPois Int+4 Slay+3} (You found it on level 6 of the Lair of Beasts)
 21765 | Lair:6   | Reached XP level 14. HP: 105/105 MP: 9/26
 21791 | Lair:6   | Found a staircase to the Slime Pits.
 21791 | Lair:6   | Found a viscous altar of Jiyva.
 22803 | Lair:6   | Reached skill level 10 in Polearms
 23798 | D:11     | Got a pitted platinum amulet
 23799 | D:11     | Identified the amulet "Jiled" {Gourm rN+ MR+ Dex+3} (You found it on level 11 of the Dungeon)
 24559 | D:12     | Noticed Harold
 24576 | D:12     | Killed Harold
 25088 | D:13     | Identified the +5 chain mail of the Snake Pit {*Corrode Regen+ Dex+3} (You found it on level 13 of the Dungeon)
 25322 | D:13     | Noticed Frances
 25465 | D:13     | Killed Frances
 25766 | D:13     | Reached skill level 9 in Fighting
 26084 | D:13     | Reached skill level 10 in Spellcasting
 26189 | D:13     | Found a gate to the Vaults.
 26459 | D:13     | Reached XP level 15. HP: 109/113 MP: 11/29
 26865 | D:14     | Reached skill level 1 in Shields
 26977 | D:14     | Noticed trelanon's ghost (adept VSCK)
 27602 | D:14     | Killed trelanon's ghost
 28348 | D:15     | Entered Level 15 of the Dungeon
 28667 | D:15     | Reached skill level 5 in Shields
 29306 | D:15     | Found a staircase to the Depths.
 29833 | D:15     | Reached skill level 10 in Armour
 30611 | Orc:1    | Entered Level 1 of the Orcish Mines
 30670 | Orc:1    | Found a roughly hewn altar of Beogh.
 30930 | Orc:1    | Noticed an orc warlord
 30965 | Orc:1    | Killed an orc warlord
 31203 | Orc:1    | Found a roughly hewn altar of Beogh.
 31289 | Orc:1    | Found a frozen archway.
 31302 | IceCv    | Entered an ice cave
 31588 | Orc:2    | Entered Level 2 of the Orcish Mines
 31597 | Orc:2    | Reached skill level 10 in Summonings
 31602 | Orc:2    | Reached XP level 16. HP: 92/120 MP: 4/30
 32067 | Orc:2    | Found a roughly hewn altar of Beogh.
 32317 | Orc:2    | Found Xudaor's Antique Armour Shoppe.
 32318 | Orc:2    | Found a roughly hewn altar of Beogh.
 32321 | Orc:2    | Found Zyhomih's Antique Weapon Emporium.
 32332 | Orc:2    | Bought an ancient hand crossbow for 229 gold pieces
 32332 | Orc:2    | Identified the +4 hand crossbow "Uriarch" {speed, rF+ MR+ Str-4 Int+3} (You bought it in a shop on level 2 of the Orcish Mines)
 32632 | Orc:2    | Found a roughly hewn altar of Beogh.
 32639 | Orc:2    | Found Ziggip's Distillery.
 32646 | Orc:2    | Bought a potion of flight for 42 gold pieces
 32649 | Orc:2    | Bought a potion of invisibility for 112 gold pieces
 32751 | Orc:2    | Found a staircase to the Elven Halls.
 32802 | Orc:2    | Reached skill level 1 in Crossbows
 32811 | Orc:2    | Found a roughly hewn altar of Beogh.
 32854 | Orc:2    | Found Owujih's General Store.
 32859 | Orc:2    | Bought a scroll of blinking for 105 gold pieces
 32921 | Orc:2    | Found a roughly hewn altar of Beogh.
 32925 | Orc:2    | Found Hocon's Magic Scroll Emporium.
 32930 | Orc:2    | Bought a scroll of magic mapping for 56 gold pieces
 32930 | Orc:2    | Bought a scroll of identify for 32 gold pieces
 32930 | Orc:2    | Bought 3 scrolls of identify for 96 gold pieces
 32977 | Orc:2    | Found a roughly hewn altar of Beogh.
 33083 | Orc:2    | Found a roughly hewn altar of Beogh.
 33304 | Swamp:1  | Entered Level 1 of the Swamp
 33651 | Lair:2   | Reached skill level 10 in Fighting
 34450 | Swamp:1  | Noticed a thorn hunter
 35173 | Swamp:1  | Identified the cursed +3 falchion of Vusagg {speed, +Inv rF+ Stlth-} (You found it on level 1 of the Swamp)
 35483 | Swamp:1  | Reached skill level 1 in Long Blades
 35794 | Swamp:2  | Reached skill level 5 in Crossbows
 36100 | Swamp:2  | Learned a level 2 spell: Passwall
 36431 | Swamp:2  | Learned a level 4 spell: Control Undead
 36792 | Swamp:3  | Reached skill level 1 in Transmutations
 36812 | Swamp:3  | Noticed a thorn hunter
 36827 | Swamp:3  | Reached skill level 1 in Earth Magic
 36829 | Swamp:3  | Noticed a thorn hunter
 36894 | Swamp:3  | Noticed a thorn hunter
 36923 | Swamp:3  | Killed a thorn hunter
 36973 | Swamp:3  | Got a steaming quarterstaff
 36974 | Swamp:3  | Identified the +8 quarterstaff of the Spider Nest {crush, Fragile rPois rC++ Dex+4} (You found it on level 3 of the Swamp)
 37417 | Swamp:3  | Reached ****** piety under Fedhas
 37675 | Swamp:4  | Entered Level 4 of the Swamp
 38487 | Swamp:4  | Reached skill level 5 in Long Blades
 38911 | Swamp:4  | Noticed a thorn hunter
 39229 | Swamp:4  | Killed a thorn hunter
 40109 | Swamp:4  | Reached XP level 17. HP: 128/128 MP: 27/31
 40503 | Swamp:4  | Got a decaying rune of Zot
 40741 | Snake:1  | Entered Level 1 of the Snake Pit
 40764 | Snake:1  | Noticed Asterion
 40841 | Snake:1  | Killed Asterion
 41446 | Snake:1  | Found Aphoshrakku's Assorted Antiques.
 41450 | Snake:1  | Found Eptaappo's Antique Armour Emporium.
 41533 | Snake:1  | Learned a level 2 spell: Ensorcelled Hibernation
 44311 | Snake:3  | Found a sparkling altar of Nemelex Xobeh.
 45012 | Snake:4  | Entered Level 4 of the Snake Pit
 45635 | Snake:4  | Reached skill level 10 in Crossbows
 45701 | Snake:4  | Noticed Vashnia
 45716 | Snake:4  | Killed Vashnia
 46094 | Snake:4  | Reached skill level 5 in Transmutations
 46480 | Snake:4  | Reached skill level 5 in Earth Magic
 46515 | Snake:4  | Reached XP level 18. HP: 134/134 MP: 32/32
 46682 | Snake:4  | Found Efoul's Distillery.
 46884 | Snake:4  | Found Xaecor's Assorted Antiques.
 46884 | Snake:4  | Found Gidirau's Food Boutique.
 46887 | Snake:4  | Found Nitida's Gadget Shop.
 46889 | Snake:4  | Bought a potion of haste for 170 gold pieces
 46899 | Snake:4  | Bought 4 fruits for 66 gold pieces
 46899 | Snake:4  | Bought 4 fruits for 66 gold pieces
 47297 | Snake:4  | Got a serpentine rune of Zot
 47637 | Snake:4  | Found an ancient bone altar of Kikubaaqudgha.
 48493 | Lair:6   | Got a scorched short sword
 48495 | Lair:6   | Identified the cursed +3 short sword of Uskayaw's Benevolence {pierce, MR+ Str-4 Dex+6 SInv} (You found it on level 6 of the Lair of Beasts)
 48590 | Swamp:2  | Got a slimy short sword
 48591 | Swamp:2  | Identified the +8 short sword "Newtbane" {pierce, +Inv rF+ rC++} (You found it on level 2 of the Swamp)
 49937 | Elf:1    | Entered Level 1 of the Elven Halls
 49976 | Orc:2    | Reached skill level 1 in Staves
 50761 | Elf:1    | Learned a level 4 spell: Summon Lightning Spire
 50819 | Elf:1    | Reached skill level 1 in Air Magic
 51175 | Elf:1    | Reached skill level 5 in Air Magic
 51755 | Elf:2    | Found a runed gate.
 51755 | Elf:2    | Found a runed gate.
 51755 | Elf:2    | Found a runed gate.
 52598 | Elf:2    | Found a radiant altar of Vehumet.
 52797 | Elf:1    | Reached skill level 10 in Dodging
 53118 | Vaults:1 | Entered Level 1 of the Vaults
 53173 | Vaults:1 | Reached XP level 19. HP: 103/140 MP: 14/33
 54059 | Vaults:1 | Reached skill level 10 in Evocations
 54555 | Vaults:1 | Reached skill level 10 in Stealth
 55005 | Vaults:1 | Reached skill level 10 in Invocations
 56299 | Vaults:2 | HP: 1/140 [yaktaur captain/bolt (33)]
 58746 | Vaults:2 | Gained mutation: You do not regenerate when monsters are visible. [potion of mutation]
 58746 | Vaults:2 | Gained mutation: Your mind is acute. (Int +2) [potion of mutation]
 58746 | Vaults:2 | Gained mutation: Your spells are a little harder to cast, but a little more powerful. [potion of mutation]
 58746 | Vaults:2 | Gained mutation: You are agile. (Dex +2) [potion of mutation]
 58747 | Vaults:2 | Lost mutation: Your spells are a little harder to cast, but a little more powerful. [potion of mutation]
 58747 | Vaults:2 | Lost mutation: Your mind is acute. (Int +2) [potion of mutation]
 58747 | Vaults:2 | Lost mutation: You are agile. (Dex +2) [potion of mutation]
 58747 | Vaults:2 | Lost mutation: You do not regenerate when monsters are visible. [potion of mutation]
 58747 | Vaults:2 | Gained mutation: Your muscles are strong. (Str +2) [potion of mutation]
 58747 | Vaults:2 | Gained mutation: You have sharp toenails. [potion of mutation]
 58747 | Vaults:2 | Gained mutation: You have razor-sharp toenails. [potion of mutation]
 58747 | Vaults:2 | Gained mutation: You are partially covered in molten scales. (AC +2) [potion of mutation]
 59042 | Vaults:2 | Reached XP level 20. HP: 120/147 MP: 1/34
 60367 | Vaults:2 | Found a staircase to the Crypt.
 60717 | Vaults:3 | Found Astradoju's Weapon Emporium.
 60932 | Vaults:2 | Upgraded the game from 0.20-a0-1008-g0de3dc5 to 0.20-a0-1015-g2ec8a95
 61959 | Vaults:3 | Reached skill level 11 in Fighting
 62663 | Vaults:3 | Noticed Jorgrun
 62684 | Vaults:3 | Killed Jorgrun
 64884 | Vaults:4 | Reached skill level 12 in Fighting
 64884 | Vaults:4 | Reached XP level 21. HP: 128/159 MP: 14/35
 65510 | Vaults:4 | Reached skill level 10 in Conjurations
 67376 | Vaults:4 | Learned a level 3 spell: Mephitic Cloud
 67486 | Vaults:4 | Reached skill level 1 in Poison Magic
 68211 | Vaults:4 | Reached skill level 5 in Poison Magic
 69077 | Depths:1 | Entered Level 1 of the Depths
 69877 | Depths:1 | Found a gateway to Hell.
 70818 | Depths:1 | Noticed Mara
 70854 | Depths:1 | Reached XP level 22. HP: 145/165 MP: 15/36
 70889 | Depths:1 | Noticed Lochraine's illusion
 71140 | Depths:1 | Noticed Lochraine's illusion
 71509 | Depths:1 | Noticed Lochraine's illusion
 71770 | Depths:1 | Killed Mara
 71770 | Depths:1 | Reached skill level 10 in Poison Magic
 72004 | Depths:1 | Identified the Handbook of Stones and the Snowflakes
 72019 | Depths:1 | Learned a level 1 spell: Apportation
 72296 | Elf:1    | Reached skill level 1 in Translocations
 72427 | Elf:1    | Learned a level 2 spell: Blink
 72481 | Elf:3    | Entered Level 3 of the Elven Halls
 73404 | Elf:2    | Reached skill level 5 in Translocations
 74959 | Depths:1 | Found a one-way gate leading to the halls of Pandemonium.
 75156 | Depths:1 | Slain by an iron troll

Vault maps used:
D:1:      dpeg_arrival_boxes_within_box, minmay_tetromino_s4
D:2:      fedhas_altar_2, uniq_jessica
D:4:      cheibrodos_quashed, first_bread, uniq_menkaure, uniq_pikel
D:5:      grunt_ministairs_4, kennysheep_generic_room_14, uniq_eustachio,
          uniq_edmund
D:6:      lemuel_coloured_pillars_altar,
          nicolae_dithmenos_through_a_glass_darkly,
          nicolae_overflow_crystal_walls, grunt_temple_overflow_open,
          minmay_temple_entry_fiery, nicolae_tso_besieged_by_evil,
          uniq_blork_the_orc
D:7:      grunt_livestock
D:8:      serial_shops, shop, basic_altar, kennysheep_pointless_box,
          minmay_misc_feat_more_columns, uniq_prince_ribbit1, uniq_maurice
D:9:      minmay_lair_entry_lava
D:10:     enter_trove_5, uniq_sonja, uniq_erica
D:11:     orc_0_dummy, minmay_misc_feat_rows
D:12:     minmay_beelzebubs_servants, uniq_harold
D:13:     grunt_vaults_entry_fortified, uniq_frances
D:14:     infiniplex_staircase_split_hallway
D:15:     gammafunk_depths_entry_grave, abandoned_shop
Lair:1:   st_stairs_6, minmay_hedge_maze
Lair:2:   dpeg_oklob_gauntlet, basic_altar, hibernation_bobbens,
          serial_bayou_shore_a
Lair:3:   minmay_swamp_entry_reptiles, infiniplex_staircase_pool_2
Lair:4:   dummy_snake_entry
Lair:5:   minivault_29
Lair:6:   hangedman_lair_in_review, slime_altar_1, grunt_megastairs_3,
          minmay_lair_oklob_chamber
Swamp:1:  hangedman_swamp_diagram, infiniplex_staircase_pool
Swamp:2:  evilmike_swamp_ruin_rubble_2, swamp_pool1
Swamp:3:  cheibrodos_swamp_tower_of_moss, nicolae_swamp_very_dense_foliage
Swamp:4:  swamp_icy, swamp_pool1, nicolae_swamp_necromancer_hut
Snake:1:  minmay_shop_star, uniq_asterion
Snake:2:  serial_bayou_shore_b
Snake:3:  basic_altar
Snake:4:  johnstein_snake_rune_scales, basic_altar, minmay_shoptagon
Orc:1:    basic_altar, portal_ice_cave_entry_ice_beasts, minmay_orc_temple_c
Orc:2:    grunt_orc_community_town_hall, grunt_orc_community_big_house_2,
          grunt_orc_community_big_house_2, grunt_orc_community_house_2,
          grunt_orc_community_house_2, grunt_orc_community_house_3,
          grunt_orc_community_house_1, grunt_orc_community_house_1,
          serial_shops, shop_statue
Elf:1:    elf_arrival_002, kennysheep_underground_church
Elf:2:    basic_altar
Elf:3:    minmay_elf_hall, nrook_uturn, st_stairs_5, uniq_louise
Vaults:1: v_misc_32, nicolae_vaults_little_squares_4, v_misc_14,
          vaults_room_fancy_cross, v_pattern_4, nicolae_vaults_asterisk,
          grunt_vaults_swirl, nicolae_vaults_border_crossing,
          hangedman_vaults_impose, nicolae_vaults_specimen_jars,
          nicolae_vaults_little_ls, hangedman_vaults_slice
Vaults:2: nicolae_vaults_windows_and_doors_thing, nicolae_vaults_octagons,
          grunt_vaults_twisty, v_rooms_6, nicolae_vaults_three_branches,
          blue_anna_dwarven_crypt, vaults_room_semicircle,
          ontoclasm_vaults_loading_screen, ontoclasm_vaults_ring_small,
          grunt_vaults_hallway_short, vaults_room_corners
Vaults:3: nicolae_vaults_mini_display_case, nicolae_vaults_ninety_degrees,
          ontoclasm_vaults_chip, nicolae_vaults_diagonal_hallway_9,
          ontoclasm_vaults_bender, nicolae_vaults_diagonal_hallway_6,
          hangedman_vaults_trim, vaults_room_semicircle,
          dpeg_vaults_monster_box, uniq_jorgrun
Vaults:4: nicolae_vaults_network_quincunx, hangedman_vaults_impose,
          hangedman_vaults_variations, hangedman_vaults_stretched_pinwheel,
          hangedman_vaults_locks, vaults_room_door_ring, ontoclasm_vaults_fault,
          st_lines
Depths:1: rand_demon_pan_entry_4, minmay_misc_feat_ornament, hell_entry,
          grunt_ministairs_14, minmay_librarian, uniq_mara
IceCv:    ice_cave_statue_garden_teleport

Skill      XL: |  1  2  3  4  5  6  7  8  9 10 11 12 13 14 15 16 17 18 19 20 21 22 |
---------------+-------------------------------------------------------------------+-----
Dodging        | 2 3 4 5 7 10 | 10.1
Fighting       | 5 6 7 8 9 10 12 | 12.0
Stealth        | 7 9 10 | 10.6
Invocations    | 1 2 3 5 7 8 9 10 | 10.5
Armour         | 2 4 5 8 9 10 11 | 11.1
Spellcasting   | 2 4 6 7 8 10 | 10.0
Conjurations   | 1 4 5 7 8 10 | 10.0
Hexes          | 1 6 9 10 11 | 11.5
Short Blades   | 2 6 8 |  8.5
Evocations     | 3 7 8 9 10 | 10.6
Throwing       | 4 5 9 |  9.3
Polearms       | 7 9 10 | 10.3
Charms         | 6 7 |  7.5
Necromancy     | 2 5 6 8 |  8.6
Summonings     | 6 8 10 11 | 11.0
Shields        | 5 |  5.2
Crossbows      | 7 10 | 10.5
Long Blades    | 6 9 |  9.5
Transmutations | 2 5 6 |  6.1
Earth Magic    | 1 5 |  5.6
Staves         | 2 |  2.0
Air Magic      | 8 |  8.3
Poison Magic   | 9 10 | 10.2
Translocations | 7 |  7.0

Action                   |  1- 3 |  4- 6 |  7- 9 | 10-12 | 13-15 | 16-18 | 19-21 | 22-24 || total
-------------------------+-------+-------+-------+-------+-------+-------+-------+-------++-------
Melee: Dagger            |    94 |   300 |   428 |       |       |       |       |       ||   822
       Bite              |     6 |    32 |    53 |    55 |   153 |   296 |   202 |    38 ||   835
       Rapier            |       |       |     2 |   318 |       |       |       |       ||   320
       Trident           |       |       |       |   145 |  1284 |   636 |   854 |   298 ||  3217
       Falchion          |       |       |       |       |       |  1220 |   485 |    52 ||  1757
       Short sword       |       |       |       |       |       |    51 |       |       ||    51
       Lajatang          |       |       |       |       |       |     8 |       |       ||     8
       Broad axe         |       |       |       |       |       |     7 |       |       ||     7
 Fire: Blowgun           |       |       |       |     2 |     3 |       |       |       ||     5
       Hand crossbow     |       |       |       |       |       |   249 |  1235 |   156 ||  1640
 Cast: Searing Ray       |       |       |    25 |     9 |     3 |       |       |       ||    37
       Confuse           |       |       |    30 |    37 |     9 |    35 |     3 |       ||   114
       Dazzling Spray    |       |       |     3 |     9 |     7 |    23 |     1 |       ||    43
       Fulminant Prism   |       |       |     1 |    14 |    12 |    20 |    14 |     1 ||    62
       Spectral Weapon   |       |       |       |     9 |    56 |    47 |    52 |    19 ||   183
       Iskenderun's Myst |       |       |       |     2 |    10 |    13 |    14 |     5 ||    44
       Regeneration      |       |       |       |       |    13 |    29 |    27 |     3 ||    72
       Ensorcelled Hiber |       |       |       |       |       |     5 |       |       ||     5
       Summon Mana Viper |       |       |       |       |       |     3 |     4 |     5 ||    12
       Summon Lightning  |       |       |       |       |       |     3 |    48 |     7 ||    58
       Passwall          |       |       |       |       |       |     1 |       |       ||     1
       Control Undead    |       |       |       |       |       |       |     1 |     2 ||     3
       Mephitic Cloud    |       |       |       |       |       |       |     5 |     3 ||     8
       Apportation       |       |       |       |       |       |       |       |     2 ||     2
Invok: Fungal Bloom      |       |    17 |    18 |    43 |    60 |    74 |    44 |    12 ||   268
       Evolution         |       |     1 |     2 |     8 |    13 |    25 |    19 |     7 ||    75
       Sunlight          |       |       |       |     2 |     2 |     6 |     9 |       ||    19
       Growth            |       |       |       |     1 |     1 |     4 |     1 |       ||     7
       Rain              |       |       |       |       |     1 |       |     2 |       ||     3
       Reproduction      |       |       |       |       |     4 |     7 |     7 |     1 ||    19
 Abil: Evoke Invisibilit |       |       |       |       |       |    22 |    14 |     2 ||    38
       Evoke Flight      |       |       |       |       |       |     2 |     4 |       ||     6
Evoke: Wand              |       |     2 |     4 |     2 |    13 |    28 |    47 |     5 ||   101
       Lamp of fire      |       |       |       |       |     1 |     3 |     3 |       ||     7
       Fan of gales      |       |       |       |       |     1 |       |       |     1 ||     2
       Box of beasts     |       |       |       |       |       |     3 |       |       ||     3
       Lightning rod     |       |       |       |       |       |     4 |    12 |       ||    16
  Use: Scroll            |       |     3 |     5 |    22 |    16 |    29 |     8 |     4 ||    87
       Potion            |       |       |     4 |     2 |     4 |     8 |    12 |     4 ||    34
 Stab: Sleeping          |     6 |    10 |    15 |    19 |     8 |     8 |     6 |     1 ||    73
       Paralysed         |       |     1 |     4 |       |       |     5 |     2 |       ||    12
       Distracted        |       |       |     1 |     1 |    18 |    18 |    16 |     6 ||    60
       Confused          |       |       |     8 |    17 |    17 |    15 |     9 |     3 ||    69
       Invisible         |       |       |     1 |       |       |    87 |    53 |     6 ||   147
  Eat: Bread ration      |     1 |       |     2 |       |       |     5 |       |       ||     8
       Chunk             |       |     9 |     7 |    35 |    39 |    32 |    43 |    21 ||   186
       Royal jelly       |       |       |     2 |     1 |     5 |     3 |     1 |       ||    12
       Meat ration       |       |       |       |       |     1 |     6 |     5 |       ||    12
Armor: Leather armour    |    18 |    68 |   131 |    96 |    38 |       |       |       ||   351
       Robe              |     3 |       |       |       |       |       |       |       ||     3
       Scale mail        |       |       |       |       |   331 |   623 |   445 |   168 ||  1567
Dodge: Dodged            |    57 |   186 |   298 |   246 |   456 |   740 |   616 |   137 ||  2736
Block: Buckler           |       |       |       |       |    78 |   529 |   421 |   103 ||  1131
       Reflection        |       |       |       |       |     1 |    43 |    61 |    14 ||   119
       Rpst.: Falchion   |       |       |       |       |       |   100 |    45 |     4 ||   149
